 Dungeon Crawl Stone Soup version 0.24-a0-584-g9d6b971ae4 (webtiles) character file.

Game seed: 7904592789982145126, levelgen mode: deterministic

20 Mithandil the Skirmisher (level 2, 0/24 HPs)
             Began as a Demonspawn Abyssal Knight on Sept 4, 2019.
             Was a Follower of Lugonu.
             Slain by a frilled lizard (2 damage)
             ... on level 1 of the Dungeon.
             The game lasted 00:02:10 (319 turns).

Mithandil the Skirmisher (Demonspawn Abyssal Knight) Turns: 319, Time: 00:02:11

Health: 0/24       AC:  3    Str: 12    XL:     2   Next: 58%
Magic:  3/4        EV: 11    Int: 13    God:    Lugonu [*.....]
Gold:   57         SH:  0    Dex: 12    Spells: 1/1 levels left

rFire    . . .     SeeInvis .   a - +1 spear
rCold    . . .     Gourm    .   (no shield)
rNeg     . . .     Faith    .   b - +0 leather armour
rPois    .         Spirit   .   (no helmet)
rElec    .         Reflect  .   (no cloak)
rCorr    .         Harm     .   (no gloves)
MR       .....                  (no boots)
Stlth    +.........             (no amulet)
HPRegen  0.08/turn              (no ring)
MPRegen  0.09/turn              (no ring)

@: no status effects
A: claws 1
a: Depart the Abyss, Renounce Religion


You were on level 1 of the Dungeon.
You worshipped Lugonu.
Lugonu was aware of your devotion.
You were not hungry.

You visited 1 branch of the dungeon, and saw 1 of its levels.
You visited the Abyss 1 time.

You collected 57 gold pieces.

Inventory:

Hand Weapons
 a - a +1 spear (weapon)
Missiles
 f - 22 sling bullets
 g - 3 stones (quivered)
Armour
 b - a +0 leather armour (worn)
Scrolls
 h - a scroll of identify {unknown}
 i - a scroll of enchant weapon {unknown}
 j - a scroll of remove curse {unknown}
Potions
 e - a potion of curing {unknown}
Comestibles
 c - 3 rations
 d - 5 chunks of flesh


   Skills:
 + Level 3.1 Fighting
 * Level 2.1 Polearms
 + Level 2.0 Armour
 + Level 1.1 Dodging
 + Level 0.5 Stealth
 + Level 0.3 Unarmed Combat
 + Level 2.6 Invocations


You had one spell level left.
You didn't know any spells.
Your spell library was empty.

Dungeon Overview and Level Annotations

Branches:
Dungeon (1/15)

Altars:


Innate Abilities, Weirdness & Mutations

You have sharp fingernails.


Message History

You hit the jackal.
You kill the jackal!
Lugonu accepts your kill.
Some of the chunks of flesh in your inventory have rotted away.
Attack whom?
Press: ? - help, Dir - move target cursor, f - jackal
Aim: a jackal You puncture the jackal!
You kill the jackal!
Lugonu accepts your kill.
Attack whom?
Press: ? - help, Dir - move target cursor, f - frilled lizard
Aim: a frilled lizard You barely miss the frilled lizard.
The frilled lizard bites you.
* * * LOW HITPOINT WARNING * * *
Attack whom?
Press: ? - help, Dir - move target cursor, f/p - frilled lizard
Aim: a frilled lizard You closely miss the frilled lizard.
The frilled lizard bites you.
You die...

#......# #...(.#.# #.....
#.#....# #.......# #.....
#.##...# #.......###.....
#⌠.....# #.###÷)........
#####..### #.#.....h......
.........# #.#h##)##......
#####..#.# #.hl....#).....
#⌠.....#.##########.####..#.#.###
#.##)..#........@lh.# #......h..
#.#....#......#####.# #.#.##.###
#......#.####.# ### #.........
#......#.# ### .....##.###
#.....##.# ........#.# .....#.#.#
........#.# ....#..#.#
..#####...# ########.# ... #..#
.........#


You could see a jackal and a frilled lizard.

Vanquished Creatures
  A dart slug (D:1)
  2 leopard geckos (D:1)
  2 goblins (D:1)
  A hobgoblin (D:1)
  3 jackals (D:1)
  3 kobolds (D:1)
  2 bats (D:1)
  A rat (D:1)
15 creatures vanquished.

Notes
Turn   | Place    | Note
-------+----------+-------------------------------------------
     0 | Abyss:1  | Mithandil the Demonspawn Abyssal Knight began the quest for
                  | the Orb.
     0 | Abyss:1  | Reached XP level 1. HP: 18/18 MP: 2/2
    87 | Abyss:2  | Noticed a wraith
    88 | D:1      | Escaped the Abyss
   110 | D:1      | Reached * piety under Lugonu
   110 | D:1      | Reached skill level 1 in Dodging
   194 | D:1      | Gained mutation: You have sharp fingernails. [demonic
                  | ancestry]
   194 | D:1      | Reached XP level 2. HP: 22/24 MP: 3/3
   319 | D:1      | Slain by a frilled lizard

Levels and vault maps discovered:
D:1:      matt_arrival_grand_opening, layout_basic

Skill      XL: |  1  2 |
---------------+-------+-----
Dodging        | 1 |  1.1
Armour         | 2 |  2.0
Polearms       | 2 |  2.1
Fighting       | |  3.1
Stealth        | |  0.5
Unarmed Combat | |  0.3
Invocations    | |  2.6

Action                   || total
-------------------------++-------
Melee: Spear             ||    52
Invok: Depart the Abyss  ||     1
Armor: Leather armour    ||    11
Dodge: Dodged            ||    36

Table legend:
 A = Non-vault XP
 B = Vault XP
 C = Vault XP percentage of total XP
 D = Non-vault monster count
 E = Vault monster count
 F = Vault count percentage of total count
                 A         B        C        D         E       F
            +---------+---------+-------+---------+---------+-------
      Total |      29 |       0 |   0.0 |      15 |       0 |   0.0
            +---------+---------+-------+---------+---------+-------
        D:1 |      29 |       0 |   0.0 |      15 |       0 |   0.0
            +---------+---------+-------+---------+---------+-------
